 Dungeon Crawl Stone Soup version 0.30-a0-292-g0f741e3f8e (webtiles) character file.

Game seed: 738330069042983245

5259 plokij the Carver (level 10, -3/90 HPs)
             Began as a Minotaur Fighter on Oct 17, 2022.
             Was a Priest of Okawaru.
             Succumbed to an orange demon's poison
             ... on level 9 of the Dungeon.
             The game lasted 00:31:47 (7694 turns).

plokij the Carver (Minotaur Fighter)                Turns: 7694, Time: 00:31:47

Health: -3/90      AC: 17    Str: 22    XL:     10   Next: 36%
Magic:  9/9        EV: 15    Int:  5    God:    Okawaru [***...]
Gold:   490        SH:  6    Dex: 13    Spells: 9/9 levels left

rFire   . . .      SeeInvis .    F - +2 scimitar (elec)
rCold   . . .      Faith    .    c - +0 buckler
rNeg    . . .      Spirit   .    q - +0 chain mail
rPois   .          Reflect  .    (helmet restricted)
rElec   .          Harm     .    g - +2 cloak
rCorr   .          Rampage  .    J - +0 pair of gloves
Will    .....                    L - +0 pair of boots
Stlth   ..........               (no amulet)
HPRegen 0.35/turn                h - +4 ring of slaying
MPRegen 0.11/turn                k - +4 ring of evasion

@: lethally poisoned (-3 -> -39), slowed, very slow
A: horns 2, retaliatory headbutt
a: Renounce Religion, Heroism


You were on level 9 of the Dungeon.
You worshipped Okawaru.
Okawaru was most pleased with you.
You visited 2 branches of the dungeon, and saw 10 of its levels.

You collected 490 gold pieces.

Inventory:

Hand Weapons
 D - a +0 shortbow
 F - a +2 scimitar of electrocution (weapon)
Missiles
 y - a throwing net (quivered)
Armour
 c - a +0 buckler (worn)
 g - a +2 cloak (worn)
 q - a +0 chain mail (worn)
 J - a +0 pair of gloves (worn)
 L - a +0 pair of boots (worn)
Jewellery
 h - a +4 ring of slaying (left hand)
 k - a +4 ring of evasion (right hand)
 o - a ring of positive energy
 N - a ring of positive energy
 S - a ring of see invisible
Wands
 B - a wand of iceblast (8)
 E - a wand of paralysis (9)
 H - a wand of mindburst (4)
 M - a wand of flame (10)
Scrolls
 a - 2 scrolls of blinking {unknown}
 b - 2 scrolls of amnesia {unknown}
 f - 11 scrolls of identify {unknown}
 i - 2 scrolls of immolation {unknown}
 j - 2 scrolls of fog {unknown}
 p - 2 scrolls of magic mapping {unknown}
 r - a scroll of enchant armour {unknown}
 s - 5 scrolls of enchant weapon {unknown}
 u - 2 scrolls of teleportation {unknown}
 z - a scroll of acquirement {unknown}
 A - 3 scrolls of fear {unknown}
 I - 2 scrolls of summoning {unknown}
 O - 2 scrolls of poison {unknown}
 Q - a scroll of noise {unknown}
 R - 3 scrolls of vulnerability {unknown}
Potions
 d - 3 potions of might
 e - 4 potions of flight
 l - 2 potions of heal wounds {unknown}
 m - 5 potions of curing {unknown}
 n - a potion of magic {unknown}
 t - a potion of attraction {unknown}
 v - 3 potions of lignification {unknown}
 w - a potion of degeneration {unknown}
 x - a potion of cancellation {unknown}
 C - 2 potions of haste {unknown}
 G - a potion of resistance {unknown}
 K - a potion of invisibility {unknown}
 P - 2 potions of berserk rage {unknown}


   Skills:
 + Level 8.8 Fighting
 + Level 8.8 Long Blades
 + Level 8.7 Armour
 + Level 8.4 Dodging
 + Level 8.7 Shields


You had 9 spell levels left.
You didn't know any spells.
Your spell library contained the following spells:

 Spells                   Type           Power      Damage    Failure   Level
 Portal Projectile        Hex/Tloc       0%         N/A       100%        3
 Leda's Liquefaction      Hex/Erth       0%         N/A       100%        4
 Blade Hands              Tmut           0%         N/A       100%        5
 Irradiate                Conj/Tmut      0%         3d11      100%        5
 Dragon Form              Tmut           0%         N/A       100%        7
 Call Canine Familiar     Summ           Unusable   N/A       N/A         3

Dungeon Overview and Level Annotations

Branches:
Dungeon (9/15)             Temple (1/1) D:7
   Lair: D:8-11         Orc: D:9-12

Altars:
Ashenzari
Cheibriados
Dithmenos
Elyvilon
Fedhas
Hepliaklqana
Kikubaaqudgha
Makhleb
Nemelex Xobeh
Okawaru
Qazlal
Sif Muna
Uskayaw
Vehumet
Wu Jian
Xom
Yredelemnul
Zin
The Shining One

Shops:
D:2 [   D:6 ?


Innate Abilities, Weirdness & Mutations

You have a pair of horns on your head.
You reflexively headbutt those who attack you in melee.


Message History

Amaemon hits you but does no damage.
You are more poisoned.
Amaemon claws you but does no damage.
Amaemon tail-slaps you but does no damage.
Amaemon attacks as you move away! Amaemon barely misses you.
You furiously retaliate!
You headbutt Amaemon!
You kill Amaemon!
Okawaru is honoured by your kill.
Okawaru will now gift you throwing weapons as you gain piety.
The scorpion disappears in a puff of smoke! x2
You feel very sick.
There is a stone staircase leading up here.
You feel very sick.
The orange demon stings you but does no damage.
The orange demon hits you but does no damage.
The orange demon stings you.
You are more poisoned.
You have difficulty breathing.
* * * LOW HITPOINT WARNING * * *
You feel as though you will be slow longer.
The orange demon hits you but does no damage.
You slash the orange demon! Your headbutt misses the orange demon.
The orange demon is lightly wounded.
* * * LOW HITPOINT WARNING * * *
You feel extremely sick. You block the orange demon's attack.
The orange demon hits you but does no damage.
You slash the orange demon!
The orange demon is heavily wounded.
* * * LOW HITPOINT WARNING * * *
You feel very sick.
The orange demon no longer looks unusually toxic.
The orange demon misses you.
The orange demon hits you but does no damage.
The orange demon stings you.
* * * LOW HITPOINT WARNING * * *
You are more poisoned.
The orange demon poisons you!
The orange demon hits you but does no damage.
You die...

...###.........##.#....#.########
...# ##.......###.##.#.#.# # ...#
##.....## #.##...#.# ##### ##.#
##...## #.##4###.# #.... ##.#
##'## #.##.###.# #.### ...# #.#
#........# #.# # #### #.#
####.##### #.### ##.#########.#
#.##. ##.......@.4..# #.##.
#.....######### #.##.
#########...## #....
........##..# #.... #######.....#
##... ####.## #... #.# #... #.#
#### #.#


You could see an orange demon.

Vanquished Creatures
  Erolcha (D:9)
  Amaemon (D:9)
  The ghost of GiantSquids the Covert, a novice SpEn of Dithmenos (D:7)
  Joseph (D:9)
  A troll (D:8)
  Eustachio (D:5)
  A wyvern (D:9)
  A steam dragon (D:8)
  2 water moccasins
  3 sky beasts (D:6)
  An ice beast (D:6)
  3 ogres
  A phantom (D:7)
  4 centaurs
  Blork the orc (D:5)
  A bullfrog (D:7)
  A gnoll sergeant (D:7)
  2 scorpions
  3 wights (D:7)
  6 howler monkeys
  2 jellies
  2 orc priests
  3 hounds
  A gnoll bouda (D:9)
  2 iguanas
  9 orc wizards
  Robin (D:3)
  20 gnolls
  2 adders
  4 shadow imps
  A white imp (D:7)
  2 ufetubi
  5 dart slugs
  24 orcs
  5 bats (D:1)
  6 endoplasms
  5 giant cockroaches
  16 goblins
  8 hobgoblins
  10 jackals
  3 quokkas
  6 ball pythons
  6 kobolds
  6 rats
185 creatures vanquished.

Notes
Turn   | Place    | Note
-------+----------+-------------------------------------------
     0 | D:1      | plokij the Minotaur Fighter began the quest for the Orb.
     0 | D:1      | Reached XP level 1. HP: 19/19 MP: 0/0
   119 | D:1      | You fall into a shaft and drop 1 floor!
   143 | D:1      | Reached XP level 2. HP: 27/27 MP: 1/1
   302 | D:1      | Reached skill level 1 in Dodging
   337 | D:1      | Reached XP level 3. HP: 26/33 MP: 2/2
   797 | D:2      | Found Inyjewn's Armour Shop.
   933 | D:2      | Identified the +9 short sword of Disharmony {holy, rC-
                  | Str+6 SInv Stlth+}
  1024 | D:2      | Found a faded altar of an unknown god.
  1539 | D:3      | Reached XP level 4. HP: 40/40 MP: 3/3
  1658 | D:3      | Found a hide-covered altar of Uskayaw.
  1662 | D:3      | Found an ancient bone altar of Kikubaaqudgha.
  1662 | D:3      | Found an ornate altar of the Wu Jian Council.
  1768 | D:3      | Noticed a water moccasin
  1779 | D:3      | Killed a water moccasin
  1780 | D:3      | Reached XP level 5. HP: 47/47 MP: 4/4
  2023 | D:3      | Noticed Robin
  2032 | D:3      | Killed Robin
  2262 | D:4      | Noticed an ogre
  2339 | D:4      | Reached XP level 6. HP: 53/53 MP: 5/5
  2405 | D:4      | Reached skill level 5 in Long Blades
  2938 | D:4      | Reached skill level 5 in Fighting
  2938 | D:4      | Reached skill level 5 in Armour
  2938 | D:4      | Reached skill level 5 in Shields
  2938 | D:4      | Reached XP level 7. HP: 61/61 MP: 6/6
  3373 | D:5      | Entered Level 5 of the Dungeon
  3375 | D:5      | Noticed Eustachio
  3381 | D:5      | Killed Eustachio
  3856 | D:5      | Noticed Blork the orc
  3866 | D:5      | Killed Blork the orc
  3867 | D:5      | Reached skill level 5 in Dodging
  3870 | D:5      | Reached XP level 8. HP: 70/70 MP: 7/7
  4455 | D:6      | Found Qonuekhe's Magic Scroll Boutique.
  4951 | D:7      | Found a runed translucent door.
  4952 | D:7      | Noticed GiantSquids's ghost (novice SpEn)
  5121 | D:7      | Reached XP level 9. HP: 61/78 MP: 8/8
  5180 | D:7      | Found a staircase to the Ecumenical Temple.
  5186 | Temple   | Entered the Ecumenical Temple
  5227 | Temple   | Became a worshipper of Warmaster Okawaru
  5967 | D:7      | Killed GiantSquids's ghost
  6177 | D:7      | Reached * piety under Okawaru
  6508 | D:8      | Identified the +5 rapier of Kismet {vamp, rElec Str+10
                  | Dex-5 SInv}
  6766 | D:8      | Found a radiant altar of Vehumet.
  6801 | D:8      | Noticed a troll
  6818 | D:8      | Killed a troll
  7034 | D:9      | Noticed Erolcha
  7049 | D:9      | Killed Erolcha
  7049 | D:9      | Reached ** piety under Okawaru
  7050 | D:9      | Reached XP level 10. HP: 87/89 MP: 6/9
  7116 | D:9      | Noticed Joseph
  7132 | D:9      | Killed Joseph
  7345 | D:9      | Found a hazy altar of Hepliaklqana.
  7511 | D:9      | Noticed Amaemon
  7511 | D:9      | Noticed an orange demon
  7690 | D:9      | Killed Amaemon
  7690 | D:9      | Reached *** piety under Okawaru
  7694 | D:9      | Succumbed to an orange demon's poison

Illustrated notes

Levels and vault maps discovered:
D:1:      dpeg_arrival_simpleton_c, layout_rooms, st_stairs_2
D:2:      layout_loops_corners, serial_shops, shop,
          ebering_ecumenical_altar_ruins
D:3:      layout_loops_ring, minitemple, uniq_robin
D:4:      layout_loops_cross
D:5:      layout_loops_ring, chequers_serial_rivers_small_b, uniq_eustachio,
          uniq_blork_the_orc
D:6:      layout_cave_pools, serial_shops, nicolae_shop_trees
D:7:      layout_cave_pods, minmay_temple_entry_wispy, gammafunk_ghost_grave
D:8:      layout_rooms, lemuel_coloured_pillars_altar
D:9:      layout_loops_corners, nzn_hepliaklqana_mist_gate, uniq_psyche,
          uniq_joseph, uniq_amaemon, uniq_erolcha
Temple:   eino_temple_lava

Skill      XL: |  1  2  3  4  5  6  7  8  9 |
---------------+----------------------------+-----
Long Blades    | 3 4 5 6 8 |  8.8
Dodging        | 1 2 3 5 6 8 |  8.4
Armour         | 4 5 6 8 |  8.7
Fighting       | 4 5 6 8 |  8.8
Shields        | 4 5 6 8 |  8.7

Action                   |  1- 3 |  4- 6 |  7- 9 | 10-12 || total
-------------------------+-------+-------+-------+-------++-------
Melee: Long sword        |    98 |    79 |    46 |       ||   223
       Headbutt          |    18 |    13 |    33 |     7 ||    71
       Scimitar          |       |       |   152 |    42 ||   194
Invok: Heroism           |       |       |     2 |     1 ||     3
  Use: Potion            |       |       |     1 |       ||     1
Armor: Scale mail        |    58 |     9 |       |       ||    67
       Chain mail        |       |    22 |   103 |    35 ||   160
Dodge: Dodged            |    50 |    44 |   151 |    39 ||   284
Block: Buckler           |    16 |    12 |    59 |    16 ||   103

Table legend: (Time is in decaauts)
 A = Elapsed time spent in this place.
 B = Non-inter-level travel time spent in this place.
 C = Inter-level travel time spent in this place.
 D = Time resting spent in this place.
 E = Time spent auto-exploring this place.
 F = Levels seen in this place.
 G = Mean time per level.
                   A        B        C        D        E       F      G
               +--------+--------+--------+--------+--------+-----+--------+
         Total |   7760 |   6080 |   1680 |    444 |   4231 |  10 |  776.0 |
       Dungeon |   7712 |   6078 |   1634 |    444 |   4231 |   9 |  856.9 |
        Temple |     48 |      2 |     46 |      0 |      0 |   1 |   48.0 |
               +--------+--------+--------+--------+--------+-----+--------+

Top non-repeatable levels by time:
     D:7: 1428 daAuts
     D:4: 1135 daAuts
     D:3: 890 daAuts
     D:5: 883 daAuts
     D:2: 872 daAuts
     D:6: 682 daAuts
     D:9: 667 daAuts
     D:8: 633 daAuts
     D:1: 516 daAuts
  Temple: 48 daAuts
